AoeStats
← ivcrk826

Oasis

509650699Analyzed
4v4 RM · 4d ago on Sep 27, 2026· 18m 25s· 8 players
Game mode
Random Map
Map size
Large (8 player)
Population
200
Speed
Normal
Resources
Standard
Victory
Conquest
Starting age
Dark Age
Ending age
Imperial Age
RankedLock teamsTeams togetherTeam positionsShared explorationLock speedFull tech treeHidden civsTurbo modeCheats
Victory
Defeat
🇺🇸 Slavs · United States
1458
+15
🇦🇷 Ethiopians · Argentina
1451
+16
🇬🇪 Khmer · Georgia
1426
+17
1375
+19
🇨🇳 Maya · China
1523
-20
🇨🇳 Varangians · China
1454
-17
🇨🇳 Cumans · China
1402
-15
🇨🇱 Gurjaras · Chile
1392
-15
mikeymazko
7:00 Loom
9:15 Feudal Age
9:45 Double-Bit Axe
14:50 Scale Barding Armor
15:40 Horse Collar
17:12 Forging
Pawo
10:22 Feudal Age
13:26 Castle Age
11:30 Double-Bit Axe
11:46 Horse Collar
19:09 Bow Saw
ivcrk826
6:25 Loom
9:35 Feudal Age
10:04 Double-Bit Axe
16:22 Fletching
eartahhj | GamingHouse
0:26 Loom
10:05 Feudal Age
11:05 Double-Bit Axe
14:36 Fletching
15:13 Padded Archer Armor
jf_Kratos
7:24 Loom
9:59 Feudal Age
涅槃重生
7:01 Loom
9:48 Feudal Age
12:43 Bloodlines
13:37 Horse Collar
14:18 Scale Barding Armor
18:03 Forging
old f1sh
0:31 Loom
9:01 Feudal Age
9:30 Town Watch
10:31 Double-Bit Axe
12:11 Horse Collar
16:52 Padded Archer Armor
17:58 Horse Collar
V我50%匡扶汉室
9:12 Feudal Age
9:33 Loom
10:00 Double-Bit Axe
9:57 Horse Collar
Connection lost

Rejoining the realm…

Still unreachable

The connection could not be restored.

Session expired

The server has moved on; the page needs a fresh start.